 Dungeon Crawl Stone Soup version 0.19.1-1-g22dce08 (webtiles) character file.

333 Kiturien the Chopper (level 6, -11/53 HPs)
             Began as a Hill Orc Fighter on Jan 20, 2017.
             Was an Initiate of Beogh.
             Killed by divine providence
             ... invoked by an orc priest
              (13 damage)
             ... on level 5 of the Dungeon.
             The game lasted 00:11:33 (2696 turns).

Kiturien the Chopper (Hill Orc Fighter)             Turns: 2696, Time: 00:11:36

Health: -11/53     AC: 10    Str: 19 (21) XL:     6   Next: 53%
Magic:  6/6        EV:  8    Int:  7 (8)  God:    Beogh [......]
Gold:   220        SH:  9    Dex: 10      Spells: 0 memorised, 5 levels left

rFire  + . .     SeeInvis .     a - +0 war axe
rCold  x . .     Gourm    .     b - +0 scale mail
rNeg   . . .     Faith    .     c - +0 shield
rPois  +         Spirit   .     r - +0 helmet
rElec  .         Reflect  .     v - +0 cloak
rCorr  .         Harm     .     g - +0 pair of gloves
MR     .....                    (no boots)
Stlth  ..........               (no amulet)
                                p - ring of poison resistance
                                o - ring of fire

@: no status effects
A: no striking features
a: Renounce Religion


You were on level 5 of the Dungeon.
You worshipped Beogh.
Beogh was noncommittal.
You were not hungry.

You visited 1 branch of the dungeon, and saw 5 of its levels.

You collected 220 gold pieces.

Inventory:

Hand Weapons
 a - a +0 war axe (weapon)
 j - the +3 mace "Saxuilen" {drain, Stlth+, unknown}
   (You found it on level 4 of the Dungeon)

   A truly terrible weapon, it drains the life of those it strikes.
   It makes you more stealthy.
 q - a +4 club
Armour
 b - a +0 scale mail (worn)
 c - a +0 shield (worn)
 g - a +0 pair of gloves (worn)
 r - a +0 helmet (worn)
 v - a +0 cloak (worn)
Jewellery
 o - a ring of fire (left hand)
 p - a ring of poison resistance (right hand)
Wands
 w - a wand of confusion (33/48)
 x - a wand of acid (9/15)
Scrolls
 l - 2 scrolls of noise {unknown}
 m - a scroll of remove curse
 n - a scroll of teleportation {unknown}
 s - a scroll of fear {unknown}
 t - 3 scrolls of identify
 u - a scroll of enchant weapon {unknown}
Potions
 d - a potion of might
 e - 2 potions of degeneration
 i - a potion of invisibility {unknown}
 k - 2 potions of beneficial mutation
Comestibles
 f - a bread ration
 h - 2 meat rations


   Skills:
 + Level 4.6 Fighting
 + Level 5.8 Axes
 + Level 4.6 Armour
 + Level 1.2 Dodging
 + Level 0.1 Stealth
 + Level 4.2 Shields


You had 5 spell levels left.
You didn't know any spells.

Dungeon Overview and Level Annotations

Branches:
Dungeon (5/15)
 Temple: D:4-7

Altars:
Ashenzari
Cheibriados
Kikubaaqudgha


Message History

The orc hits you with a mace.
* * * LOW HITPOINT WARNING * * *
You block the orc priest's attack.
You hit the orc priest.
The orc priest is moderately wounded.
Your shield and scale mail prevent you from hitting the orc.
The orc completely misses you.
The orc priest hits you but does no damage.
The orc hits you with a mace.
* * * LOW HITPOINT WARNING * * *
You barely miss the orc. You hit the orc priest.
The orc priest hits you but does no damage.
You block the orc's attack.
You hit the orc.
The orc is lightly wounded.
You hit the orc priest.
The orc priest invokes the aid of Beogh against you.
Beogh smites you!
You die...
Beogh appreciates the orc priest's killing of a heretic priest.

#.......# .........
#.......#.....#.........<
#.......#...!.#..........
#.......#.....#..........
#.......#.....'...>..<...
#......##....##..........
#....(.##....#......#####
#....(..#)...#......+ #
#......)@o...#...<..# #
#....(..#o...#......# #
#....(..#....#......#####
#......##....#...........
#....).# ....#...........
#............#...........
#............#...........
#............+...........
#......####+##...........


You could see an orc priest and an orc.

Vanquished Creatures
  A centaur (D:5)
  A scorpion (D:5)
  Crazy Yiuf (D:4)
  An orc wizard (D:5)
  A worker ant (D:5)
  Robin (D:2)
  4 adders
  A worm (D:2)
  A dart slug (D:1)
  4 orcs
  7 bats
  5 giant cockroaches
  3 hobgoblins
  5 jackals
  2 quokkas
  2 frilled lizards (D:2)
  17 goblins
  6 kobolds
  7 rats
70 creatures vanquished.

Vanquished Creatures (others)
  A quokka (D:3)
  A kobold (D:1)
2 creatures vanquished.

Grand Total: 72 creatures vanquished

Notes
Turn   | Place    | Note
-------+----------+-------------------------------------------
     0 | D:1      | Kiturien the Hill Orc Fighter began the quest for the Orb.
     0 | D:1      | Reached XP level 1. HP: 19/19 MP: 1/1
    93 | D:1      | Reached XP level 2. HP: 22/27 MP: 2/2
   289 | D:1      | Reached skill level 3 in Axes
   709 | D:2      | Found an ancient bone altar of Kikubaaqudgha.
   757 | D:2      | Reached XP level 3. HP: 29/33 MP: 3/3
  1402 | D:2      | Noticed Robin
  1408 | D:2      | Reached XP level 4. HP: 40/40 MP: 4/4
  1411 | D:2      | Killed Robin
  1461 | D:2      | Reached skill level 4 in Axes
  1615 | D:3      | Found a shattered altar of Ashenzari.
  1820 | D:3      | Became a worshipper of Beogh the Brigand
  1832 | D:3      | HP: 2/40 [poisoned by an adder]
  1840 | D:3      | Reached XP level 5. HP: 18/46 MP: 5/5
  2196 | D:4      | Found a runed door.
  2200 | D:4      | Noticed Crazy Yiuf
  2209 | D:4      | Killed Crazy Yiuf
  2209 | D:4      | Reached skill level 1 in Dodging
  2213 | D:4      | Got a translucent mace
  2343 | D:4      | Noticed an ogre
  2359 | D:5      | Entered Level 5 of the Dungeon
  2630 | D:5      | Found a snail-covered altar of Cheibriados.
  2659 | D:5      | Noticed a centaur
  2673 | D:5      | Killed a centaur
  2673 | D:5      | Reached skill level 5 in Axes
  2673 | D:5      | Reached XP level 6. HP: 13/53 MP: 6/6
  2694 | D:5      | HP: 1/53 [orc/mace (4)]
  2696 | D:5      | Killed from afar by an orc priest

Skill      XL: |  1  2  3  4  5 |
---------------+----------------+-----
Axes           | 3 4 5 |  5.8
Fighting       | 4 |  4.6
Armour         | 4 |  4.6
Shields        | 4 |  4.2
Dodging        | 1 |  1.2
Stealth        | |  0.1

Action                   |  1- 3 |  4- 6 || total
-------------------------+-------+-------++-------
Melee: War axe           |   109 |   142 ||   251
Invok: Convert to Beogh  |       |     1 ||     1
  Use: Potion            |       |     3 ||     3
       Scroll            |       |     2 ||     2
  Eat: Bread ration      |       |     2 ||     2
Armor: Scale mail        |    59 |   100 ||   159
Dodge: Dodged            |    38 |    56 ||    94
Block: Shield            |    61 |   102 ||   163
